 Dungeon Crawl Stone Soup version 0.31-a0-982-g1816016f30 (webtiles) character file.

Game seed: 15938617554052574675

48 BinkBink the Ducker (level 3, -3/30 HPs)
             Began as a Merfolk Monk on Nov 2, 2023.
             Slain by a hobgoblin (5 damage)
             ... led by Robin
             ... on level 2 of the Dungeon.
             The game lasted 00:01:11 (607 turns).

BinkBink the Ducker (Merfolk Monk)                   Turns: 607, Time: 00:01:11

Health: -3/30      AC:  2    Str:  9 (11) XL:     3   Next: 72%
Magic:  3/3        EV: 14    Int:  6 (9)  God:
Gold:   86         SH:  0    Dex: 17 (18) Spells: 2/2 levels left

rFire   . . .        a - +0 falchion
rCold   . . .        d - orb {light}
rNeg    . . .        b - +0 robe
rPois   .            (no helmet)
rElec   .            (no cloak)
rCorr   .            (no gloves)
SInv    .            (no boots)
Will    .....        (no amulet)
Stlth   +            (no ring)
HPRegen 0.25/turn    (no ring)
MPRegen 0.08/turn

%: no passive effects
@: attractive, hasted, glowing, very quick
A: (nimble swimmer 2), mertail
a: no special abilities


You were on level 2 of the Dungeon.
You visited 1 branch of the dungeon, and saw 2 of its levels.

You collected 86 gold pieces.

Inventory:

Hand Weapons
 a - a +0 falchion (weapon)
Armour
 b - a +0 robe (worn)
 d - an orb of light (worn)
Scrolls
 e - 2 scrolls of teleportation {unknown}
 f - a scroll of identify {unknown}


   Skills:
 + Level 4.0 Fighting
 + Level 4.3 Long Blades
 + Level 4.7 Dodging


You had 2 spell levels left.
You didn't know any spells.
Your spell library was empty.

Dungeon Overview and Level Annotations

Branches:
Dungeon (2/15)

Altars:

Annotations:
D:2 1 runed translucent door, Crazy Yiuf, Robin


Innate Abilities, Weirdness & Mutations

((You are very nimble when in or above water. (Stealth+, EV+, Speed+++)))
Your lower body shifts to a powerful aquatic tail in water.


Message History

Robin throws the goblin at you! The goblin completely misses you.
The goblin hits you with a +0 dagger.
Your Fighting skill increases to level 4!
You slash the goblin!
You kill the goblin!
The goblin hits you with a +0 dagger.
Robin hits you from afar with a +0 spear.
You hit the hobgoblin.
The hobgoblin is almost dead.
The hobgoblin barely misses you. The goblin closely misses you.
Robin throws the goblin at you! The goblin barely misses you.
It was a potion of haste.
You feel yourself speed up. The hobgoblin closely misses you.
The goblin closely misses you. The goblin barely misses you.
It was a potion of degeneration.
There was something very wrong with that liquid.
You feel weakened.
You feel dopey.
You feel clumsy. The hobgoblin hits you. The goblin hits you with a +0 dagger.
* * * LOW HITPOINT WARNING * * *
It was a potion of attraction.
You feel attractive to monsters. The goblin hits you but does no damage.
You barely miss the goblin. The hobgoblin hits you.
* * * LOW HITPOINT WARNING * * *
The goblin closely misses you. The goblin completely misses you.
You hit the goblin but do no damage. The hobgoblin hits you.
* * * LOW HITPOINT WARNING * * *
Robin hits you from afar with a +0 spear.
* * * LOW HITPOINT WARNING * * *
The goblin hits you but does no damage. The goblin misses you.
You slash the hobgoblin!
You kill the hobgoblin!
Robin roars a battlecry!
The hobgoblin goes into a battle-frenzy!
The goblin hits you with a +0 dagger.
* * * LOW HITPOINT WARNING * * *
You hit the goblin but do no damage. The goblin barely misses you.
Unknown command.
You barely miss the hobgoblin. The hobgoblin hits you.
You die...

.... #.## .... .... #...
... #..# #..# #.. #..#
#..#####.. #..#
#.....##.. #..#
#.....##..
#..####.....##..
###.#####..#.##..#####..
#.....g@gg.#.....#######
......g##)##...........#
....... #.##.......†...+
....... #.##.#..#......#
.......##.##.#..+...####
.......'........#...#
.......#.###.####...# #
.......'........+...# #
.... #.###'####...# #


You could see Robin, a hobgoblin (strong) and 2 goblins.

Vanquished Creatures
  An adder (D:2)
  4 ball pythons
  3 endoplasms (D:1)
  10 goblins
  2 hobgoblins (D:2)
  6 jackals (D:1)
  3 kobolds
  2 bats (D:1)
  A frilled lizard (D:1)
  A rat (D:1)
33 creatures vanquished.

Notes
Turn   | Place    | Note
-------+----------+-------------------------------------------
     0 | D:1      | BinkBink the Merfolk Monk began the quest for the Orb.
     0 | D:1      | Reached XP level 1. HP: 18/18 MP: 1/1
    69 | D:1      | Reached XP level 2. HP: 12/24 MP: 2/2
   270 | D:1      | Reached XP level 3. HP: 30/30 MP: 3/3
   281 | D:1      | You fall into a shaft and drop 1 floor!
   486 | D:2      | Found a runed translucent door.
   487 | D:2      | Noticed Crazy Yiuf
   562 | D:2      | Noticed Robin
   607 | D:2      | Slain by a hobgoblin

Illustrated notes

Levels and vault maps discovered:
D:1:      beargit_arrival_greenhouse, layout_rooms
D:2:      layout_basic, uniq_crazy_yiuf_cottage, uniq_robin

Skill      XL: |  1  2  3 |
---------------+----------+-----
Long Blades    | 4 |  4.3
Fighting       | 4 |  4.0
Dodging        | |  4.7

Action                     || total
---------------------------++-------
  Melee: Falchion          ||    84
    Use: Potion            ||     4
 Armour: Robe              ||    80
  Dodge: Dodged            ||   109

Table legend: (Time is in decaauts)
 A = Elapsed time spent in this place.
 B = Non-inter-level travel time spent in this place.
 C = Inter-level travel time spent in this place.
 D = Time resting spent in this place.
 E = Time spent auto-exploring this place.
 F = Levels seen in this place.
 G = Mean time per level.
                   A        B        C        D        E       F      G
               +--------+--------+--------+--------+--------+-----+--------+
         Total |    613 |    613 |      0 |     67 |    381 |   2 |  306.5 |
       Dungeon |    613 |    613 |      0 |     67 |    381 |   2 |  306.5 |
               +--------+--------+--------+--------+--------+-----+--------+

Top non-repeatable levels by time:
     D:2: 327 daAuts
     D:1: 285 daAuts
